 Dungeon Crawl Stone Soup version 0.21.0 (webtiles) character file.

603 Mgcat the Cleaver (level 7, -1/52 HPs)
             Began as a Human Berserker on Jan 7, 2018.
             Was a Priest of Trog.
             Slain by theanonym's ghost (7 damage)
             ... on level 4 of the Dungeon.
             The game lasted 00:17:09 (6157 turns).

Mgcat the Cleaver (Human Berserker)                 Turns: 6157, Time: 00:17:10

Health: -1/52      AC:  2    Str: 18    XL:     7   Next: 70%
Magic:  7/7        EV: 12    Int:  7    God:    Trog [***...]
Gold:   157        SH:  0    Dex: 14    Spells: 6/6 levels left

rFire    . . .     SeeInvis .   a - +0 hand axe
rCold    . . .     Gourm    .   (no shield)
rNeg     . . .     Faith    .   b - +0 animal skin
rPois    .         Spirit   .   (no helmet)
rElec    .         Reflect  .   (no cloak)
rCorr    .         Harm     .   (no gloves)
MR       ++...                  (no boots)
Stlth    +.........             (no amulet)
HPRegen  1.17/turn              (no ring)
MPRegen  0.10/turn              (no ring)

@: berserk cooldown, regenerating, slowed, very slow
A: no striking features
a: Berserk, Trog's Hand, Burn Spellbooks, Renounce Religion


You were on level 4 of the Dungeon.
You worshipped Trog.
Trog was most pleased with you.
You were not hungry.

You visited 1 branch of the dungeon, and saw 4 of its levels.
You also visited: Ossuary.

You collected 157 gold pieces.

Inventory:

Hand Weapons
 a - a +0 hand axe (weapon)
Armour
 b - a +0 animal skin (worn)
Scrolls
 e - 2 scrolls of amnesia {unknown}
 g - 8 scrolls of identify {unknown}
 j - 6 scrolls of teleportation {unknown}
 k - 4 scrolls of enchant weapon {unknown}
 l - 5 scrolls of remove curse {unknown}
 m - 3 scrolls of blinking {unknown}
 n - a scroll of random uselessness {unknown}
 s - a scroll of silence {unknown}
Potions
 d - 3 potions of heal wounds {unknown}
 f - 2 potions of magic {unknown}
 h - 2 potions of curing {unknown}
 i - a potion of flight {unknown}
 o - a potion of haste {unknown}
 p - a potion of mutation {unknown}
 q - 2 potions of lignification {unknown}
 r - a potion of degeneration {unknown}
 t - a potion of agility {unknown}
 u - 2 potions of brilliance {unknown}
 v - a potion of invisibility {unknown}
Comestibles
 c - 2 rations


   Skills:
 - Level 3.1 Fighting
 + Level 8.2 Axes
 - Level 2.1 Armour
 - Level 2.1 Dodging


You had 6 spell levels left.
You didn't know any spells.

Dungeon Overview and Level Annotations

Branches:
Dungeon (4/15)             Temple (0/1) D:4

Altars:
Elyvilon
Hepliaklqana
Ru

Annotations:
D:4 theanonym's ghost, amateur HuAK


Message History

Theanonym's ghost is heavily damaged.
Theanonym's ghost misses you.
You slash theanonym's ghost!
Theanonym's ghost is severely damaged.
Theanonym's ghost closely misses you.
You barely miss theanonym's ghost.
Theanonym's ghost is severely damaged.
You feel the effects of Trog's Hand fading.
Theanonym's ghost hits you.
* * * LOW HITPOINT WARNING * * *
Theanonym's ghost hits you!
* * * LOW HITPOINT WARNING * * *
You hit theanonym's ghost but do no damage.
Theanonym's ghost is severely damaged.
Theanonym's ghost hits you.
* * * LOW HITPOINT WARNING * * *
You hit theanonym's ghost but do no damage.
Theanonym's ghost is severely damaged.
Theanonym's ghost hits you!
You die...

#.#...#....#
#....)......#
#.#...#..#.....#
#..###.......
#.##'##..#######
#..# #.##..o.
#........# #####
#..# #.. ...
###.######
#...###..# #### .#
#.##### #........#
# ###.....#
#...###.##
.....##.# ##.##
#.# ####.##.# #@#
#.. #.##.# #W#
#### #.##.# #.#
#.##.# ##.##
#.##.#######...###
#.##.............#
#.##..######...#.#
#.##..## ##.##.#
#.##...# #.# .##


You could see theanonym's ghost.

Vanquished Creatures
  2 elf zombies (Ossuary)
  A scorpion (D:4)
  A howler monkey (D:4)
  2 centaur zombies (Ossuary)
  Crazy Yiuf (D:2)
  3 worker ants (D:4)
  A big kobold zombie (Ossuary)
  3 mummies (Ossuary)
  A gnoll (D:1)
  3 adders
  6 adder zombies (Ossuary)
  2 worms (D:3)
  4 dart slugs
  2 leopard geckos
  4 orcs (D:4)
  A bat (D:3)
  2 giant cockroaches (D:4)
  2 gnoll zombies (Ossuary)
  6 goblins
  9 hobgoblins
  8 jackals
  2 quokkas
  4 frilled lizards
  5 goblin zombies (Ossuary)
  2 hobgoblin zombies (Ossuary)
  5 jackal zombies (Ossuary)
  4 kobolds
  2 kobold zombies (Ossuary)
  A leopard gecko skeleton (D:4)
  An orc zombie (Ossuary)
  5 quokka zombies (Ossuary)
  7 rats
  2 rat zombies (Ossuary)
104 creatures vanquished.

Notes
Turn   | Place    | Note
-------+----------+-------------------------------------------
     0 | D:1      | Mgcat the Human Berserker began the quest for the Orb.
     0 | D:1      | Reached XP level 1. HP: 18/18 MP: 1/1
   166 | D:1      | Reached XP level 2. HP: 22/24 MP: 2/2
   846 | D:1      | Reached XP level 3. HP: 29/29 MP: 3/3
  1268 | D:2      | Reached skill level 4 in Axes
  1729 | D:2      | Reached ** piety under Trog
  1729 | D:2      | Reached XP level 4. HP: 35/35 MP: 4/4
  2016 | D:2      | Found a runed door.
  2245 | D:2      | Noticed Crazy Yiuf
  2251 | D:2      | Killed Crazy Yiuf
  2345 | D:3      | Reached skill level 5 in Axes
  2354 | D:3      | Reached XP level 5. HP: 41/41 MP: 5/5
  3492 | D:3      | Found a sacrificial altar of Ru.
  3535 | D:4      | Noticed a phantom
  3544 | D:4      | Found a sand-covered staircase.
  3549 | Ossuary  | Entered an ossuary
  3853 | Ossuary  | Reached skill level 6 in Axes
  3853 | Ossuary  | Reached XP level 6. HP: 31/47 MP: 6/6
  4511 | Ossuary  | Reached *** piety under Trog
  4624 | Ossuary  | Reached skill level 7 in Axes
  4775 | Ossuary  | Reached XP level 7. HP: 34/52 MP: 7/7
  5325 | D:4      | Reached skill level 8 in Axes
  5469 | D:4      | Found a white marble altar of Elyvilon.
  5469 | D:4      | Found a hazy altar of Hepliaklqana.
  5496 | D:4      | Found a staircase to the Ecumenical Temple.
  6121 | D:4      | Noticed theanonym's ghost (amateur HuAK)
  6157 | D:4      | Slain by theanonym's ghost

Skill      XL: |  1  2  3  4  5  6  7 |
---------------+----------------------+-----
Axes           | 4 5 6 7 8 |  8.2
Fighting       | |  3.1
Armour         | |  2.1
Dodging        | |  2.1

Action                   |  1- 3 |  4- 6 |  7- 9 || total
-------------------------+-------+-------+-------++-------
Melee: Hand axe          |   105 |   259 |   128 ||   492
Invok: Berserk           |     2 |     7 |     3 ||    12
       Trog's Hand       |       |     4 |     3 ||     7
       Burn Spellbooks   |       |     1 |       ||     1
 Stab: Sleeping          |       |       |     1 ||     1
  Eat: Chunk             |     3 |     9 |     2 ||    14
       Ration            |       |     3 |     2 ||     5
Armor: Animal skin       |    13 |    27 |     9 ||    49
Dodge: Dodged            |    72 |   110 |    68 ||   250
